 Dungeon Crawl Stone Soup version 0.26.1-11-gd32895ea62 (webtiles) character file.

Game seed: 11956300368616732554

6945 chaostorm the Fighter (level 10, -4/93 HPs)
             Began as a Minotaur Hedge Wizard on Apr 20, 2021.
             Was a Believer of Vehumet.
             Slain by a yak (5 damage)
             ... on level 9 of the Dungeon.
             The game lasted 01:01:18 (11492 turns).

chaostorm the Fighter (Minotaur Hedge Wizard)      Turns: 11492, Time: 01:01:19

Health: -4/93      AC: 12    Str: 17    XL:     10   Next: 80%
Magic:  12/12      EV: 15    Int: 13    God:    Vehumet [**....]
Gold:   551        SH:  0    Dex: 11    Spells: 12/13 levels left

rFire    + + .     SeeInvis .   j - +6 whip of the Lumpy Gods {drain, Str+2 Stlth+}
rCold    + + .     Faith    .   (no shield)
rNeg     . . .     Spirit   .   N - +0 acid dragon scales
rPois    .         Reflect  .   c - +0 hat
rElec    .         Harm     .   M - scarf {rC+ rF+}
rCorr    +         Rampage  .   I - +2 pair of gloves
Will     .....                  y - +0 pair of boots
Stlth    ++........             (no amulet)
HPRegen  0.25/turn              O - ring of protection from cold
MPRegen  0.13/turn              J - ring of protection from fire

@: about to teleport
A: retaliatory headbutt, horns 2
a: Renounce Religion


You were on level 9 of the Dungeon.
You worshipped Vehumet.
Vehumet was pleased with you.
You visited 3 branches of the dungeon, and saw 11 of its levels.

You collected 551 gold pieces.

Inventory:

Hand Weapons
 d - a -3 quarterstaff
 j - the +6 whip of the Lumpy Gods (weapon) {drain, Str+2 Stlth+}
   (You found it on level 4 of the Dungeon)

   A truly terrible weapon, it drains the life of those it strikes.
   It affects your strength (+2).
   It makes you more stealthy.
 m - a +2 quarterstaff of chaos
 u - a +1 flail of protection
 A - the +9 dagger "Moigum" {vorpal, rC+ Dex+7}
   (You found it on level 6 of the Dungeon)

   It inflicts extra damage upon your enemies.
   It affects your dexterity (+7).
   It protects you from cold.
Missiles
 s - a throwing net
Armour
 a - a +0 chain mail of cold resistance
 c - a +0 hat (worn)
 g - a +1 chain mail of fire resistance
 n - a +0 cloak of poison resistance
 y - a +0 pair of boots (worn)
 I - a +2 pair of gloves (worn)
 K - a scarf of invisibility
 M - a scarf of resistance (worn)
 N - +0 acid dragon scales (worn)
Magical Staves
 P - an uncursed staff of earth
Jewellery
 G - an uncursed ring of fire
 J - a ring of protection from fire (right hand)
 O - a ring of protection from cold (left hand)
Wands
 x - a wand of flame (15)
 C - a wand of paralysis (10)
 L - a wand of enslavement (10)
Scrolls
 e - 2 scrolls of enchant armour {unknown}
 h - 5 scrolls of identify
 k - 6 scrolls of remove curse
 v - a scroll of acquirement {unknown}
 w - a scroll of enchant weapon {unknown}
 B - 3 scrolls of fog {unknown}
Potions
 b - 3 potions of haste
 f - 2 potions of resistance {unknown}
 i - 3 potions of invisibility
 l - 2 potions of lignification {unknown}
 p - 3 potions of degeneration {unknown}
 q - 2 potions of brilliance {unknown}
 r - 3 potions of magic {unknown}
 t - 5 potions of curing {unknown}
 z - a potion of might {unknown}
 D - a potion of attraction {unknown}
 E - 2 potions of heal wounds {unknown}
 F - a potion of flight {unknown}
 H - a potion of berserk rage {unknown}


   Skills:
 - Level 10.0 Fighting
 - Level 9.3(10.0) Maces & Flails
 - Level 5.5(8.1) Staves
 + Level 8.1 Armour
 + Level 7.9 Dodging
 - Level 1.5 Stealth
 - Level 2.1 Spellcasting
 * Level 4.0 Conjurations
 - Level 0.6 Summonings
 - Level 0.6 Translocations


You had 12 spell levels left.
You knew the following spells:

 Your Spells              Type           Power        Failure   Level
a - Magic Dart            Conj           44%          6%          1

Your spell library contained the following spells:

 Spells                   Type           Power        Failure   Level
 Searing Ray              Conj           22%          10%         2
 Apportation              Tloc           4%           26%         1
 Summon Small Mammal      Summ           8%           26%         1
 Animate Skeleton         Necr           2%           32%         1
 Corona                   Hex            1%           32%         1
 Sting                    Tmut/Pois      4%           32%         1
 Blink                    Tloc           N/A          36%         2
 Call Imp                 Summ           2%           36%         2
 Conjure Flame            Conj/Fire      6%           38%         3
 Poisonous Vapours        Pois/Air       2%           43%         2
 Slow                     Hex            1%           43%         2
 Mephitic Cloud           Conj/Pois/Air  4%           50%         3
 Ignite Poison            Fire/Tmut/Pois 1%           67%         3
 Olgreb's Toxic Radiance  Pois           1%           97%         4


Dungeon Overview and Level Annotations

Branches:
Dungeon (9/15)             Temple (1/1) D:6            Lair (1/6) D:9
    Orc: D:9-12

Altars:
Dithmenos
Elyvilon
Gozag
Kikubaaqudgha
Makhleb
Nemelex Xobeh
Okawaru
Ru
Sif Muna
Vehumet
Wu Jian
Yredelemnul
Zin

Shops:
D:5 ?   D:8 (

Annotations:
D:5 1 runed translucent door, Gadrel's ghost, novice OpFi


Innate Abilities, Weirdness & Mutations

You reflexively headbutt those who attack you in melee.
You have a pair of horns on your head.


Message History

You whack the yak!
You kill the yak!
Vehumet accepts your kill. The yak misses you.
Your Conjurations skill increases to level 4!
You hit the yak. Your headbutt misses the yak.
The yak is moderately wounded.
The yak gores you.
* * * LOW HITPOINT WARNING * * *
The yak closely misses you. You furiously retaliate!
You headbutt the yak! You hit the yak.
The yak is heavily wounded.
You hit the yak but do no damage.
The yak is heavily wounded.
The yak gores you.
* * * LOW HITPOINT WARNING * * *
The yak barely misses you.
As you read the scroll of teleportation, it crumbles to dust.
You feel strangely unstable. The yak gores you.
You die...

#.........###...........####.
#.........###................
#.......................####.
#............................
#......##...........)..).....
#......##.........#.<........
#......##.........#.[[#.####.
#......##..†YY....##'##.# #.
#......####†@##'####)##.####.
#......# #####.# #.##......
#......# ### #.########
######## #.########
#......... ##########


You could see 2 yaks.

Vanquished Creatures
  Pikel (D:3)
  Joseph (D:7)
  Maggie (D:8)
  Grinder (D:6)
  A hornet (D:9)
  6 yaks (D:9)
  Grum (D:9)
  Edmund (D:4)
  Duvessa (D:5)
  A water moccasin (D:9)
  3 ice beasts
  3 orc warriors
  3 sky beasts
  9 wolves
  6 ogres
  3 centaurs
  2 bullfrogs (D:6)
  A scorpion (D:4)
  Dowan (D:5)
  5 howler monkeys
  5 wights (D:7)
  A bullfrog zombie (D:5)
  A jelly (D:8)
  6 hounds
  5 orc priests
  5 orc wizards
  Crazy Yiuf (D:2)
  A gnoll shaman (D:6)
  Ijyb (D:5)
  3 iguanas
  6 worker ants
  3 gnolls (D:6)
  2 howler monkey skeletons
  9 adders
  3 shadow imps
  4 white imps
  An ufetubus (D:2)
  An ooze (D:3)
  An adder zombie (D:7)
  An adder skeleton (D:4)
  5 worms
  3 dart slugs
  2 leopard geckos (D:3)
  26 orcs
  7 bats
  12 giant cockroaches
  2 gnoll zombies (D:6)
  8 goblins
  5 hobgoblins
  11 jackals
  5 kobolds
  4 quokkas
  6 frilled lizards
  6 rats
213 creatures vanquished.

Vanquished Creatures (others)
  3 plants (D:6)
3 creatures vanquished.

Grand Total: 216 creatures vanquished

Notes
Turn   | Place    | Note
-------+----------+-------------------------------------------
     0 | D:1      | chaostorm the Minotaur Hedge Wizard began the quest for the
                  | Orb.
     0 | D:1      | Reached XP level 1. HP: 14/14 MP: 2/2
   131 | D:1      | Reached skill level 1 in Fighting
   198 | D:1      | Reached skill level 1 in Maces & Flails
   198 | D:1      | Reached XP level 2. HP: 20/23 MP: 4/4
   729 | D:2      | Reached skill level 1 in Armour
   768 | D:2      | Reached XP level 3. HP: 15/29 MP: 5/5
  1007 | D:2      | Reached skill level 2 in Fighting
  1311 | D:2      | Found a runed translucent door.
  1312 | D:2      | Noticed Crazy Yiuf
  1395 | D:2      | Reached XP level 4. HP: 36/36 MP: 6/6
  1858 | D:2      | Killed Crazy Yiuf
  2137 | D:3      | Reached skill level 3 in Fighting
  2170 | D:3      | HP: 1/38 [poisoned by an adder]
  2221 | D:3      | Reached XP level 5. HP: 9/45 MP: 7/7
  2663 | D:3      | Reached skill level 1 in Staves
  3456 | D:4      | Found a burning altar of Makhleb.
  3464 | D:4      | Got a steaming whip
  3482 | D:4      | Identified the +6 whip of the Lumpy Gods {drain, Str+2
                  | Stlth+} (You found it on level 4 of the Dungeon)
  3580 | D:4      | Reached skill level 4 in Fighting
  3580 | D:4      | Reached XP level 6. HP: 48/52 MP: 8/8
  3877 | D:4      | Found a shimmering blue altar of Sif Muna.
  4333 | D:5      | Entered Level 5 of the Dungeon
  4333 | D:5      | Noticed Edmund
  4333 | D:5      | Noticed Pikel
  4333 | D:5      | Noticed a sky beast
  4354 | D:3      | Killed Pikel
  4355 | D:3      | Reached skill level 6 in Fighting
  4355 | D:3      | Reached skill level 5 in Staves
  4355 | D:3      | Reached XP level 7. HP: 28/63 MP: 9/9
  4609 | D:4      | Killed Edmund
  4610 | D:4      | Reached XP level 8. HP: 66/71 MP: 10/10
  5000 | D:5      | Found an ornate altar of the Wu Jian Council.
  5009 | D:5      | Noticed Ijyb
  5016 | D:5      | Killed Ijyb
  5017 | D:5      | Reached skill level 5 in Dodging
  5094 | D:5      | Noticed Duvessa
  5096 | D:5      | Noticed Dowan
  5111 | D:5      | Killed Dowan
  5124 | D:5      | Killed Duvessa
  5125 | D:5      | Reached skill level 7 in Fighting
  5515 | D:5      | Found Xires's Magic Scroll Shop.
  5704 | D:5      | Found a runed translucent door.
  5707 | D:5      | Noticed Gadrel's ghost (novice OpFi)
  6038 | D:6      | Found a shadowy altar of Dithmenos.
  6184 | D:6      | Reached skill level 5 in Armour
  6185 | D:6      | Found a glowing silver altar of Zin.
  6343 | D:6      | Got an ichor-stained dagger
  6344 | D:6      | Identified the +9 dagger "Moigum" {vorpal, rC+ Dex+7} (You
                  | found it on level 6 of the Dungeon)
  6392 | D:6      | Found a staircase to the Ecumenical Temple.
  6398 | Temple   | Entered the Ecumenical Temple
  6408 | Temple   | Became a worshipper of Vehumet
  6574 | D:6      | Found a basalt altar of Yredelemnul.
  6720 | D:6      | Noticed Grinder
  6733 | D:6      | Killed Grinder
  6734 | D:6      | Reached skill level 5 in Maces & Flails
  6978 | D:6      | Reached skill level 8 in Fighting
  6979 | D:6      | Reached XP level 9. HP: 68/81 MP: 11/11
  7138 | D:7      | Reached * piety under Vehumet
  7138 | D:7      | Offered knowledge of Foxfire by Vehumet.
  7218 | D:7      | Found a sacrificial altar of Ru.
  7400 | D:7      | Found an opulent altar of Gozag.
  7674 | D:7      | Noticed Joseph
  7683 | D:7      | Killed Joseph
  7684 | D:7      | Reached skill level 9 in Fighting
  8523 | D:8      | Found Vusuxugg's Antique Weapon Emporium.
  8591 | D:8      | Found an ancient bone altar of Kikubaaqudgha.
  8630 | D:8      | Reached ** piety under Vehumet
  8641 | D:8      | Offered knowledge of Sandblast by Vehumet.
  8714 | D:8      | Reached XP level 10. HP: 77/93 MP: 12/12
  8912 | D:8      | Noticed Maggie
  8930 | D:8      | Killed Maggie
  8931 | D:8      | Reached skill level 10 in Fighting
  8931 | D:8      | Reached skill level 1 in Conjurations
  9858 | D:9      | Noticed Grum
 10197 | D:9      | Killed Grum
 10197 | D:9      | Offered knowledge of Searing Ray by Vehumet.
 10540 | D:9      | Found a staircase to the Lair.
 11310 | Lair:1   | Entered Level 1 of the Lair of Beasts
 11491 | D:9      | HP: 1/93 [yak (6)]
 11492 | D:9      | Slain by a yak

Illustrated notes

Levels and vault maps discovered:
D:1:      lemuel_arrival_funnel, layout_rooms
D:2:      layout_rooms, uniq_crazy_yiuf_cottage
D:3:      layout_basic, chequers_serial_rivers_micro_e, kennysheep_another_room,
          minmay_surrounded
D:4:      layout_rooms, led_sif_book, bloody_makhleb
D:5:      layout_basic, general_overflow_altar, ebering_ghost_reflecting_pool,
          serial_shops, shop, uniq_edmund, uniq_pikel, uniq_duvessa, uniq_ijyb
D:6:      layout_loops_cross, marbit_many_paths,
          lemuel_zombie_altar_yredelemnul, temple_green, serial_bayou_pond_c,
          nicolae_dithmenos_through_a_glass_darkly, uniq_grinder
D:7:      layout_loops_ring, nicolae_ru_awakened_eye, kennysheep_mini_moat,
          uniq_joseph
D:8:      layout_gridville, old_standard_altar, serial_shops, shop, uniq_maggie
D:9:      layout_basic, lair_entry_dummy, st_stairs_5, uniq_grum
Temple:   dpeg_chambers_temple
Lair:1:   layout_big_grid, uniq_fannar, uniq_sonja

Skill      XL: |  1  2  3  4  5  6  7  8  9 10 |
---------------+-------------------------------+-----
Fighting       | 1 2 3 4 6 8 9 10 | 10.0
Maces & Flails | 1 2 5 7 9 |  9.3
Armour         | 1 2 4 5 6 8 |  8.1
Dodging        | 3 4 5 6 7 |  7.9
Staves         | 2 5 |  5.5
Conjurations   | 4 |  4.0
Stealth        | |  1.5
Spellcasting   | |  2.1
Summonings     | |  0.6
Translocations | |  0.6

Action                   |  1- 3 |  4- 6 |  7- 9 | 10-12 || total
-------------------------+-------+-------+-------+-------++-------
Melee: Mace              |    91 |    24 |       |       ||   115
       Headbutt          |    18 |    12 |    48 |    31 ||   109
       Quarterstaff      |       |    70 |       |       ||    70
       Whip              |       |    30 |   290 |   197 ||   517
       Dagger            |       |       |    25 |       ||    25
  Use: Scroll            |       |     4 |     4 |     4 ||    12
 Stab: Sleeping          |     1 |       |       |     1 ||     2
Armor: Robe              |     2 |       |       |       ||     2
       Chain mail        |    57 |    92 |   169 |    15 ||   333
       Acid dragon scale |       |       |       |    55 ||    55
Dodge: Dodged            |    46 |    72 |   125 |   137 ||   380
